 Dungeon Crawl Stone Soup version 0.28-a0-730-g892d06dc2c (webtiles) character file.

Game seed: 1259353254018710613

0 cheechan the Skirmisher (level 1, 0/21 HPs)
             Began as a Naga Fighter on Oct 28, 2021.
             Frozen to death by an endoplasm (4 damage)
             ... on level 1 of the Dungeon.
             The game lasted 00:00:33 (66 turns).

cheechan the Skirmisher (Naga Fighter)                Turns: 66, Time: 00:00:34

Health: 0/21       AC:  3    Str: 18    XL:     1   Next: 10%
Magic:  1/1        EV:  7    Int:  8    God:
Gold:   0          SH:  4    Dex: 10    Spells: 0/0 levels left

rFire   . . .      SeeInvis +   a - +0 long sword
rCold   . . .      Faith    .   c - +0 buckler
rNeg    . . .      Spirit   .   b - +0 scale mail
rPois   +          Reflect  .   (no helmet)
rElec   .          Harm     .   (no cloak)
rCorr   .          Rampage  .   (no gloves)
Will    .....                   (no barding)
Stlth   ..........              (no amulet)
HPRegen 0.07/turn               (no ring)
MPRegen 0.07/turn               (no ring)

@: short of breath, very slow
A: AC +0, large, see invisible, deformed body, poison resistance, slowness 2,
spit poison 1, naga tail 1
a: Spit Poison


You were on level 1 of the Dungeon.
You visited 1 branch of the dungeon, and saw 1 of its levels.

Inventory:

Hand Weapons
 a - a +0 long sword (weapon)
Armour
 b - a +0 scale mail (worn)
 c - a +0 buckler (worn)
Potions
 d - a potion of might


   Skills:
 + Level 3.0 Fighting
 + Level 2.0 Long Blades
 + Level 2.4 Armour
 + Level 2.4 Shields


You couldn't memorise any spells.
You didn't know any spells.
Your spell library was empty.

Dungeon Overview and Level Annotations

Branches:
Dungeon (1/15)

Altars:


Innate Abilities, Weirdness & Mutations

Your serpentine skin is tough. (AC +0)
You have supernaturally acute eyesight. (SInv)
Armour fits poorly on your strangely shaped body.
Your system is resistant to poisons. (rPois)
You cover ground very slowly.
You can spit poison.
You have a snake-like lower body.


Message History

The rat barely misses you. The rat bites you but does no damage.
You open the door. The rat bites you. The rat closely misses you.
The endoplasm hits you.
You closely miss the rat. The rat bites you. The endoplasm barely misses you.
The rat bites you. The endoplasm freezes you.
You are frozen.
You barely miss the rat. The rat barely misses you.
The endoplasm closely misses you.
Welcome back, cheechan the Naga Fighter.
Press ? for a list of commands and other information.
You completely miss the rat. The rat barely misses you.
The endoplasm closely misses you.
You hit the rat.
You kill the rat!
The endoplasm freezes you.
You are frozen.
The endoplasm freezes you.
You are frozen.
The endoplasm hits you but does no damage.
You see here a rat corpse.
The endoplasm completely misses you.
The endoplasm hits you but does no damage.
The endoplasm freezes you.
You are frozen.
* * * LOW HITPOINT WARNING * * *
The endoplasm closely misses you.
Abil: Spit Poison
Press: ? - help, Q - select action Shift-Dir - straight line, f - endoplasm
Aim: an endoplasm The splash of poison hits the endoplasm.
The endoplasm is lightly wounded.
The endoplasm hits you but does no damage.
You barely miss the endoplasm.
The endoplasm hits you but does no damage.
You barely miss the endoplasm. The endoplasm freezes you.
You are frozen.
You die...

... # #.# #. .#
.##'####.#.# #.#.#
.'...'.....# #.#.# .
##.<.####### +.#.# ..
.'...'.# #.#.###.#
###'##...# #.......#
###.###########.......##
........# #..#..@.......
.######.# #'..J......#
......# ##...###....#
#####.# #..†.# ...#
#.....######....# ..#
#.###...##......###. .#
####'....8....... .
#..........###.
..............#


You could see an endoplasm.

Vanquished Creatures
  A rat (D:1)
1 creature vanquished.

Notes
Turn   | Place    | Note
-------+----------+-------------------------------------------
     0 | D:1      | cheechan the Naga Fighter began the quest for the Orb.
     0 | D:1      | Reached XP level 1. HP: 21/21 MP: 1/1
    66 | D:1      | Frozen to death by an endoplasm

Illustrated notes

Levels and vault maps discovered:
D:1:      nicolae_arrival_somewhat_less_tricky_arrival, layout_basic,
          chequers_garden, corexii_leaking_fountain,
          corexii_item_surrounded_by_moat, minmay_stone_trees_small

Action                   || total
-------------------------++-------
Melee: Long sword        ||     6
 Abil: Spit Poison       ||     1
Armor: Scale mail        ||     5
Dodge: Dodged            ||     9

Table legend: (Time is in decaauts)
 A = Elapsed time spent in this place.
 B = Non-inter-level travel time spent in this place.
 C = Inter-level travel time spent in this place.
 D = Time resting spent in this place.
 E = Time spent auto-exploring this place.
 F = Levels seen in this place.
 G = Mean time per level.
                   A        B        C        D        E       F      G
               +--------+--------+--------+--------+--------+-----+--------+
         Total |     88 |     88 |      0 |      0 |      0 |   1 |   88.0 |
       Dungeon |     88 |     88 |      0 |      0 |      0 |   1 |   88.0 |
               +--------+--------+--------+--------+--------+-----+--------+

Top non-repeatable levels by time:
     D:1: 88 daAuts
